 Dungeon Crawl Stone Soup version 0.28.0-43-g3370ac3207 (webtiles) character file.

Game seed: 2163895821201072978

702 saw2855 the Cutter (level 7, -2/61 HPs)
             Began as a Minotaur Berserker on Mar 12, 2022.
             Was a Priest of Trog.
             Slain by an ogre
             ... wielding a +0 giant club
              (25 damage)
             ... on level 5 of the Dungeon.
             The game lasted 00:27:19 (5341 turns).

saw2855 the Cutter (Minotaur Berserker)             Turns: 5341, Time: 00:27:19

Health: -2/61      AC: 10    Str: 23    XL:     7   Next: 38%
Magic:  6/6        EV:  9    Int:  4    God:    Trog [***...]
Gold:   92         SH:  0    Dex: 10    Spells: 6/6 levels left

rFire   . . .      SeeInvis +   a - +1 short sword (flame)
rCold   . . .      Faith    .   (no shield)
rNeg    . . .      Spirit   .   h - +1 chain mail
rPois   .          Reflect  .   (helmet restricted)
rElec   .          Harm     .   (no cloak)
rCorr   .          Rampage  .   (no gloves)
Will    .....                   (no boots)
Stlth   ..........              (no amulet)
HPRegen 0.20/turn               g - ring of see invisible
MPRegen 0.10/turn               (no ring)

@: no status effects
A: horns 2, retaliatory headbutt
a: Renounce Religion, Berserk, Trog's Hand


You were on level 5 of the Dungeon.
You worshipped Trog.
Trog was most pleased with you.
You visited 1 branch of the dungeon, and saw 5 of its levels.
You also visited: Sewer.

You collected 242 gold pieces.
You spent 150 gold pieces at shops.

Inventory:

Hand Weapons
 a - a +1 short sword of flaming (weapon)
 b - a +0 hand crossbow
Missiles
 e - 5 boomerangs (quivered)
 p - 27 bolts
Armour
 h - a +1 chain mail (worn)
Jewellery
 g - a ring of see invisible (left hand)
Scrolls
 f - a scroll of silence
 l - a scroll of brand weapon {unknown}
 n - a scroll of fear
Potions
 c - a potion of ambrosia {unknown}
 d - 6 potions of heal wounds
 j - a potion of haste {unknown}
 k - a potion of resistance {unknown}
 m - 3 potions of magic


   Skills:
 + Level 5.2 Fighting
 * Level 6.6 Short Blades
 - Level 3.8 Axes
 * Level 0.6 Crossbows
 + Level 4.5 Armour
 + Level 3.1 Dodging


You had 6 spell levels left.
You didn't know any spells.
Your spell library was empty.

Dungeon Overview and Level Annotations

Branches:
Dungeon (5/15)              Sewer (visited)
 Temple: D:4-7

Altars:

Shops:
D:3 (((=


Innate Abilities, Weirdness & Mutations

You have a pair of horns on your head.
You reflexively headbutt those who attack you in melee.


Message History

Fire: 25 bolts
Press: ? - help, Q - select action, (/) - cycle Shift-Dir - straight line, f/p - ogre
Aim: an ogre, wielding a +0 giant club (lightly wounded, 76% to hit)
You shoot a bolt. The bolt hits the ogre!
The ogre is severely wounded.
Your +1 short sword of flaming bursts into flame!
a - a +1 short sword of flaming (weapon)
You puncture the ogre! You burn the ogre.
You kill the ogre!
Trog accepts your kill.
Things that are here:
a +0 giant club; an ogre corpse
p - 25 bolts (gained 1)
p - 26 bolts (gained 1)
p - 27 bolts (gained 1)
An ogre comes into view. It is wielding a +0 giant club.
The ogre shouts!
A hound comes into view.
The hound barks!
The ogre hits you with a +0 giant club!
You completely miss the ogre. You puncture the ogre! You burn the ogre.
The ogre is moderately wounded.
The ogre hits you with a +0 giant club.
You closely miss the ogre. Your headbutt misses the ogre.
The ogre is moderately wounded.
You hit the ogre. You burn the ogre.
The ogre is heavily wounded.
The ogre hits you with a +0 giant club!
You hit the ogre. You burn the ogre. You headbutt the ogre.
The ogre is heavily wounded.
The hound bites you. The ogre hits you with a +0 giant club!
You completely miss the ogre.
The ogre is heavily wounded.
The hound pauses to sniff the ground.
The hound barely misses you.
You closely miss the hound. Your headbutt misses the hound.
The hound bites you but does no damage.
The ogre hits you with a +0 giant club!!
You die...

.... ... ...
###.. #. .#.##
###. ...# #...
#Oh### ...
####@...# . #
#.####....##..#
...#.#...#..####
..#
............# .
.#.#.<)...#
#.##.#..... ...
..##.....
#.#.#... ####.
#.......#.


You could see an ogre and a hound.

Vanquished Creatures
  A black bear (D:4)
  An ogre (D:5)
  A phantom (D:4)
  2 kobold brigands (Sewer)
  A wyvern skeleton (D:4)
  2 iguanas (D:4)
  A gnoll (D:1)
  7 adders
  A river rat (D:4)
  An adder skeleton (D:4)
  3 worms
  5 dart slugs
  10 endoplasms
  5 giant cockroaches
  8 goblins
  4 hobgoblins
  2 jackals (D:1)
  25 kobolds
  8 quokkas
  15 ball pythons
  5 bats
  7 frilled lizards
  3 rats
  A bush (D:1)
119 creatures vanquished.

Vanquished Creatures (others)
  A fungus (Sewer)
  55 plants
56 creatures vanquished.

Grand Total: 175 creatures vanquished

Notes
Turn   | Place    | Note
-------+----------+-------------------------------------------
     0 | D:1      | saw2855 the Minotaur Berserker began the quest for the Orb.
     0 | D:1      | Reached XP level 1. HP: 19/19 MP: 0/0
    10 | D:1      | Found a faded altar of an unknown god.
    90 | D:1      | Reached XP level 2. HP: 21/27 MP: 1/1
   336 | D:1      | Reached skill level 1 in Short Blades
   634 | D:1      | Reached XP level 3. HP: 34/34 MP: 2/2
   763 | D:1      | Reached ** piety under Trog
  1890 | D:2      | Reached skill level 2 in Short Blades
  2195 | D:2      | Reached XP level 4. HP: 41/41 MP: 3/3
  2977 | D:3      | Found Qoituong's Weapon Shop.
  3023 | D:3      | Found Deock's Weapon Shop.
  3168 | D:3      | Found Wocyalun's Weapon Shoppe.
  3351 | D:3      | Reached skill level 3 in Short Blades
  3637 | D:3      | Found Sypirenu's Jewellery Boutique.
  3647 | D:3      | Bought a ring of see invisible for 150 gold pieces
  3794 | D:4      | Reached XP level 5. HP: 37/47 MP: 4/4
  3886 | D:4      | Noticed a phantom
  3894 | D:4      | Killed a phantom
  3895 | D:4      | Reached skill level 4 in Short Blades
  3914 | D:4      | Reached XP level 6. HP: 22/55 MP: 5/5
  3922 | D:4      | Reached *** piety under Trog
  3941 | D:4      | Reached skill level 5 in Short Blades
  3982 | D:4      | Found a glowing drain.
  4077 | Sewer    | Entered a sewer
  4519 | Sewer    | Reached skill level 5 in Fighting
  4530 | Sewer    | Reached skill level 6 in Short Blades
  4890 | D:4      | Reached XP level 7. HP: 57/61 MP: 6/6
  5317 | D:5      | Entered Level 5 of the Dungeon
  5341 | D:5      | Slain by an ogre

Illustrated notes

Levels and vault maps discovered:
D:1:      ncdulo_smallfort, layout_loops_ring, serial_forest,
          infiniplex_forest_clump_medium, infiniplex_forest_lined_room_2,
          infiniplex_forest_corner_1, infiniplex_forest_end_3,
          infiniplex_forest_straight_4, infiniplex_forest_clump_C,
          infiniplex_forest_zigzag_1, infiniplex_forest_lined_3_way,
          basic_ecumenical_altar
D:2:      layout_loops_corners, kennysheep_path_1, lexackson_kobold_supper
D:3:      layout_loops_ring, serial_shops, shop_coins, nicolae_lakefront_shop,
          nicolae_shop_bloodbath_and_beyond, nicolae_shop_stone
D:4:      layout_rooms, gup_sewer_entry_bubbles, serial_bayou,
          serial_bayou_lake_a, serial_bayou_pond_b, serial_bayou_shore_b,
          serial_bayou_lagoon_a, serial_bayou_pond_e
D:5:      layout_rooms, nicolae_shop_sticking_my_neck_out, uniq_ijyb

Skill      XL: |  1  2  3  4  5  6 |
---------------+-------------------+-----
Fighting       | 4 5 |  5.2
Short Blades   | 1 2 3 4 6 |  6.6
Armour         | 3 4 |  4.5
Dodging        | 3 |  3.1
Axes           | |  3.8
Crossbows      | |  0.6

Action                   |  1- 3 |  4- 6 |  7- 9 || total
-------------------------+-------+-------+-------++-------
Melee: Hand axe          |     6 |       |       ||     6
       Short sword       |   134 |   202 |    17 ||   353
       Headbutt          |    34 |    21 |     5 ||    60
       Punch             |     2 |     3 |       ||     5
 Fire: Hand crossbow     |       |       |     5 ||     5
Throw: Boomerang         |       |     1 |       ||     1
Invok: Berserk           |       |     1 |       ||     1
  Use: Scroll            |     2 |     7 |     1 ||    10
Armor: Animal skin       |     6 |       |       ||     6
       Leather armour    |     6 |       |       ||     6
       Ring mail         |     3 |    26 |       ||    29
       Chain mail        |       |    74 |     2 ||    76
Dodge: Dodged            |    65 |    76 |     7 ||   148
